Map: [ESL] Stargazers

Players

Astrea - Winner!

  • Race: Protoss Protoss
  • League: Master
  • Spawn Location: 1:00

ByuN

  • Race: Terran Terran
  • Spawn Location: 11:00

Event: HomeStory Cup XXII

VOD

Have the link to the VOD?

Description

Time

  • Played on: Dec. 18, 2022, 3:11 p.m.
  • Length: 16:34

All games in this series

Show
View Real Time Build Order
Export as new Build Order

Astrea Protoss - Winner!

Build Orders: 1 Gate Expand, Phoenix Opening 

Get SALT Encoding   

  12  0:00  Probe  
  13  0:12  Probe  
  14  0:16  Pylon  
  14  0:24  Probe (Chrono Boost)  
  16  0:35  Gateway  
  16  0:36  Probe (Chrono Boost)  
  16  0:42  Probe (Chrono Boost)  
  16  0:44  Assimilator  
  17  0:51  Probe  
  18  1:03  Probe  
  19  1:15  Probe  
  20  1:20  Nexus  
  20  1:30  Cybernetics Core  
  21  1:32  Probe  
  21  1:38  Assimilator  
  21  1:44  Probe  
  22  1:47  Pylon  
  22  1:57  Probe (Chrono Boost)  
  23  2:03  Adept (Chrono Boost)  
  25  2:09  Probe (Chrono Boost)  
  26  2:17  Probe (Chrono Boost)  
  26  2:18  Stargate  
  27  2:24  Warp Gate, Probe  
  28  2:32  Probe  
  28  2:36  Probe  
  29  2:39  Adept  
  31  2:44  Probe  
  31  2:48  Probe  
  33  2:53  Twilight Council  
  33  2:56  Probe  
  34  3:00  Probe  
  34  3:05  Phoenix (Chrono Boost)  
  35  3:09  Probe  
  35  3:12  Probe  
  39  3:19  Pylon  
  39  3:21  Probe  
  39  3:24  Phoenix, Probe  
  42  3:33  Probe  
  42  3:38  Charge (Chrono Boost), Gateway x2  
  42  3:43  Probe  
  42  3:47  Probe  
  44  3:55  Probe  
  45  3:59  Probe  
  45  4:02  Phoenix  
  48  4:05  Gateway, Pylon  
  48  4:10  Probe  
  48  4:16  Probe  
  50  4:23  Nexus  
  50  4:24  Probe  
  50  4:29  Phoenix  
  51  4:35  Zealot x2  
  57  4:39  Zealot  
  57  4:42  Pylon  
  59  4:46  Phoenix  
  59  4:49  Pylon  
  57  4:56  Zealot  
  61  5:00  Zealot x2  
  61  5:02  Zealot  
  67  5:09  Probe x2  
  67  5:12  Phoenix  
  71  5:16  Zealot  
  71  5:21  Probe x2  
  75  5:22  Forge  
  75  5:23  Zealot  
  77  5:33  Probe  
  78  5:37  Phoenix  
  78  5:42  Zealot x3  
  86  5:44  Probe x2  
  86  5:45  Sentry  
  91  5:53  Protoss Ground Weapons Level 1 (Chrono Boost)  
  90  5:58  Probe x2  
  90  6:03  Pylon  
  92  6:04  Pylon  
  92  6:08  Gateway  
  92  6:09  Gateway  
  92  6:15  Phoenix  
  92  6:21  Zealot x4  
  100  6:38  Probe x2  
  100  6:39  Probe  
  103  6:40  Robotics Facility, Gateway  
  103  6:42  Zealot x3  
  103  6:46  Pylon  
  109  6:47  Gateway  
  109  6:49  Gateway  
  109  6:54  Pylon  
  109  7:07  Phoenix  
  111  7:11  Zealot x3  
  111  7:15  Shield Battery  
  117  7:16  Pylon  
  117  7:18  Zealot x3  
  117  7:38  Zealot x2  
  117  7:39  Zealot x4  
  127  7:48  Zealot x2  
  127  7:50  Probe x3  
  97  8:07  Probe  
  97  8:09  Zealot x3, Sentry  
  97  8:10  Zealot x3  
  97  8:11  Probe x2 (Chrono Boost)  
  110  8:19  Probe (Chrono Boost)  
  110  8:23  Probe x2 (Chrono Boost)  
  112  8:29  Probe (Chrono Boost), Pylon  
  112  8:30  Phoenix, Probe (Chrono Boost)  
  112  8:31  Probe (Chrono Boost)  
  112  8:33  Pylon  
  117  8:42  Pylon  
  117  8:43  Probe x2  
  117  8:44  Pylon x2  
  117  8:46  Probe  
  116  8:54  Zealot x4  
  116  8:55  Phoenix, Zealot x2  
  130  8:57  Protoss Ground Armor Level 1 (Chrono Boost)  
  130  8:58  Robotics Facility, Probe  
  129  9:15  Zealot x6  
  141  9:19  Assimilator  
  141  9:22  Assimilator  
  141  9:30  Phoenix  
  141  9:41  Zealot x2  
  145  9:45  Nexus  
  145  9:54  Zealot x4  
  145  9:58  Phoenix  
  153  10:06  Zealot  
  146  10:21  Zealot x6  
  124  10:26  Zealot  
  60  10:45  Probe x2 (Chrono Boost)  
  62  10:56  Probe (Chrono Boost)  
  64  10:57  Probe (Chrono Boost)  
  64  11:01  Phoenix, Probe x2 (Chrono Boost)  
  64  11:02  Probe (Chrono Boost)  
  69  11:10  Probe  
  71  11:11  Protoss Ground Armor Level 2, Probe  
  71  11:12  Probe  
  72  11:21  Pylon  
  72  11:23  Templar Archives  
  72  11:28  Zealot x4, Observer  
  76  11:41  Psionic Storm  
  76  11:42  Zealot x3  
  82  11:51  Zealot x3  
  88  11:59  Observer  
  88  12:06  High Templar x2  
  92  12:10  High Templar  
  94  12:19  Probe x3  
  94  12:20  Assimilator x2  
  97  12:29  Zealot x4  
  94  12:46  Zealot x3  
  99  12:52  Zealot x2  
  99  12:53  Zealot x2  
  91  13:19  Phoenix (Chrono Boost)  
  81  13:20  Probe x3  
  81  13:24  Observer, High Templar x3  
  81  13:25  Zealot x4  
  98  13:28  Archon  
  98  13:32  Probe x3  
  95  13:43  Phoenix  
  95  13:44  Probe  
  98  13:52  Zealot x3, High Templar  
  106  13:56  Zealot x2  
  110  14:05  High Templar  
  105  14:18  Zealot x5  
  107  14:37  High Templar  
  107  14:38  Probe x2  
  107  14:39  Probe  
  107  14:43  Observer  
  108  14:50  Probe  
  108  14:51  Probe  
  110  14:53  Probe  
  111  15:03  Probe x2  
  111  15:05  Probe, High Templar  
  111  15:06  Zealot x3, High Templar x2  
  126  15:15  Probe x2  
  126  15:19  Archon  
  128  15:26  Phoenix (Chrono Boost)  
  130  15:37  Nexus  
  130  15:53  Pylon  
  130  15:58  Zealot  
  130  16:02  Probe  
  133  16:04  Probe x2  
  115  16:19  Pylon  
  115  16:22  Robotics Facility  
Show
View Real Time Build Order
Export as new Build Order

ByuN Terran 

Build Orders:  

Get SALT Encoding   

  12  0:00  SCV  
  13  0:12  SCV  
  14  0:17  Supply Depot  
  14  0:24  SCV  
  15  0:38  SCV  
  15  0:39  Barracks  
  16  0:43  Refinery  
  16  0:50  SCV  
  16  0:52  Refinery  
  17  1:02  SCV  
  18  1:14  SCV  
  19  1:26  Reaper  
  19  1:27  Orbital Command  
  20  1:33  Supply Depot  
  20  1:40  Factory  
  20  1:53  SCV  
  21  1:58  Reaper  
  22  2:05  SCV  
  23  2:17  SCV  
  23  2:20  Command Center  
  24  2:26  Hellion  
  24  2:29  SCV  
  27  2:33  Barracks Reactor  
  26  2:41  SCV, Barracks  
  27  2:47  Factory Tech Lab  
  27  2:52  Supply Depot  
  27  2:54  SCV  
  28  3:06  Cyclone  
  31  3:13  SCV, Marine x2  
  34  3:25  SCV  
  35  3:32  Marine x2  
  34  3:35  Orbital Command  
  34  3:38  SCV, Barracks Tech Lab  
  34  3:39  Cyclone  
  38  3:50  SCV, Marine x2  
  41  3:55  Marine  
  41  3:56  Stimpack  
  41  4:01  SCV  
  41  4:02  SCV  
  44  4:08  Marine x2  
  46  4:10  Supply Depot  
  46  4:13  SCV, Marine  
  46  4:14  SCV  
  48  4:19  Barracks  
  48  4:25  SCV  
  48  4:26  SCV, Marine x2  
  48  4:29  Factory Reactor  
  48  4:31  Starport, Marine  
  52  4:37  Supply Depot, SCV  
  52  4:38  SCV  
  55  4:45  Marine x2  
  55  4:50  SCV x2  
  59  4:53  Engineering Bay  
  59  4:55  Marine  
  60  5:02  Supply Depot, SCV x2  
  60  5:06  Refinery  
  62  5:08  Combat Shield  
  62  5:14  SCV x2, Marine x2  
  65  5:15  Factory Reactor  
  65  5:21  Marine x2  
  70  5:23  Terran Infantry Weapons Level 1  
  70  5:26  SCV x2  
  70  5:27  Supply Depot  
  70  5:32  Medivac x2  
  70  5:34  Marine x2  
  76  5:38  SCV x2  
  78  5:47  Supply Depot  
  78  5:48  Marine x2  
  78  5:49  Barracks  
  80  5:50  Barracks  
  80  5:51  SCV x2  
  80  5:53  Supply Depot  
  80  5:55  Marauder  
  80  5:57  Marauder  
  85  6:00  Concussive Shells  
  85  6:06  Marine  
  85  6:09  Supply Depot  
  86  6:13  Marine  
  86  6:14  Widow Mine x2  
  86  6:17  Marauder  
  86  6:18  Marauder  
  95  6:24  SCV  
  95  6:25  SCV, Refinery  
  97  6:29  Medivac  
  97  6:30  Medivac  
  101  6:34  Marine x2  
  101  6:36  Supply Depot  
  101  6:37  Supply Depot  
  101  6:38  Marauder  
  101  6:39  Marauder  
  107  6:42  Barracks Reactor  
  107  6:47  Barracks Tech Lab  
  107  6:48  Widow Mine  
  109  6:58  Widow Mine  
  109  6:59  Marauder  
  113  7:02  Marine x2  
  113  7:10  Widow Mine  
  113  7:11  Marauder x2  
  119  7:19  Widow Mine  
  119  7:21  Marauder  
  113  7:30  Marine x2  
  113  7:31  Widow Mine  
  113  7:32  Marauder  
  113  7:33  Marauder  
  113  7:37  Marine x2  
  113  7:40  Widow Mine  
  113  7:42  Marauder  
  95  7:48  Marine x2  
  97  7:52  Widow Mine  
  97  7:53  Marine x2  
  97  7:55  Marine x2  
  103  8:04  SCV, Marauder  
  103  8:05  SCV  
  89  8:09  Marine x2  
  89  8:11  Marine x2  
  80  8:13  Widow Mine  
  80  8:14  Widow Mine, Marine  
  80  8:17  SCV x2  
  74  8:28  Medivac x2  
  74  8:29  SCV x2  
  74  8:30  Marine  
  74  8:32  Marine  
  74  8:33  Marine  
  83  8:35  Marine  
  83  8:41  Marauder x2  
  88  8:44  Marine  
  89  8:48  Marine  
  89  8:50  Marine  
  89  8:51  Marine  
  89  8:53  Marine  
  91  8:58  Medivac  
  91  8:59  SCV x2  
  91  9:02  Marine x2  
  97  9:09  Marauder  
  99  9:12  Marine  
  99  9:13  Marine x2  
  102  9:17  SCV x2  
  102  9:20  Marauder x2  
  108  9:30  Marine  
  108  9:31  Marine x4  
  113  9:41  Marine x2  
  115  9:48  Marine x5  
  120  9:59  Marine x2  
  122  10:06  Marine x3  
  125  10:14  Widow Mine  
  125  10:18  Marine x2  
  108  10:30  Marine x2  
  108  10:31  Marine  
  82  10:37  Marine  
  82  10:41  Marine  
  58  10:49  Medivac  
  59  10:54  Medivac  
  59  10:55  Marine  
  62  10:59  SCV  
  62  11:00  SCV  
  62  11:02  Marine x2  
  66  11:06  Marine x2  
  66  11:07  Marine  
  66  11:08  Marine  
  70  11:13  SCV x2  
  70  11:15  Terran Infantry Armor Level 1  
  70  11:17  Marine  
  73  11:20  Marine  
  73  11:23  Medivac  
  76  11:25  Medivac  
  76  11:31  Marine x3  
  76  11:32  Marine  
  82  11:38  Marine  
  81  11:41  Widow Mine x2, Marine  
  81  11:44  Marine  
  87  11:48  Marine  
  87  11:49  Marine x2  
  87  11:50  Marine  
  87  11:52  SCV x2  
  93  11:56  Marine  
  93  11:59  Marine  
  94  12:02  Marine  
  94  12:06  Marine x2  
  94  12:07  Marauder  
  101  12:08  Marauder  
  101  12:14  Marine  
  102  12:17  Marine  
  102  12:18  SCV x2  
  102  12:21  Marauder  
  107  12:24  Marine  
  107  12:27  Marine  
  109  12:31  Marine  
  109  12:36  Marine x2  
  107  12:37  Marine  
  107  12:41  Marine  
  107  12:42  Marine  
  105  12:53  Marine x4  
  105  12:54  Marine  
  108  12:59  Marine  
  108  13:00  Marine  
  110  13:11  Marine  
  79  13:14  Widow Mine  
  79  13:17  Marine x2  
  79  13:18  Marine  
  79  13:19  Marine x2  
  66  13:21  Widow Mine, Marine  
  66  13:23  Medivac  
  66  13:25  Medivac  
  74  13:27  SCV  
  74  13:31  SCV  
  74  13:32  Marine  
  76  13:38  Marine  
  76  13:39  Marine  
  76  13:42  Marine  
  79  13:48  Marauder  
  79  13:54  Marine  
  79  13:55  Marine  
  81  14:04  Marauder  
  81  14:06  Marine  
  84  14:11  Marine  
  85  14:18  Marine x2  
  80  14:36  Medivac  
  80  14:38  Marine x2  
  83  14:39  Marine  
  85  14:52  Marine x2  
  81  14:57  Orbital Command, Marine x2  
  78  15:02  Marine x2  
  77  15:09  Widow Mine x2  
  81  15:23  Marine  
  81  15:26  Marine  
  83  15:29  Marine  
  83  15:31  Widow Mine x2  
  83  15:32  Marine  
  89  15:36  SCV  
  89  15:40  Marine  
  89  15:44  Marine  
  90  15:53  Ghost Academy  
  86  16:09  SCV x2  
  66  16:21  SCV x2  
Tags
 
Add a new tag
Caveats
  • Supply blocks, unpowered buildings, or Contaminate may cause inaccurate times.
  • Supply counts are checked every 10 seconds.